 Dungeon Crawl Stone Soup version 0.18-a0-1186-gd02dc51 (webtiles) character file.

585 kae the Martial Artist (level 7, -2/52 HPs)
             Began as a Demonspawn Monk on Jan 28, 2016.
             Slain by Azzok's ghost (11 damage)
             ... on level 4 of the Dungeon.
             The game lasted 00:04:12 (3004 turns).

kae the Martial Artist (Demonspawn Monk)            Turns: 3004, Time: 00:04:13

Health: -2/52      AC:  3    Str: 11    XL:     7   Next: 15%
Magic:  7/7        EV: 19    Int: 12    God:
Gold:   164        SH:  0    Dex: 24    Spells: 0 memorised, 6 levels left

rFire  + . .     SeeInvis .       - Unarmed
rCold  . . .     Gourm    .     a - +1 robe
rNeg   . . .     Faith    .     (no shield)
rPois  .         Spirit   .     (helmet restricted)
rElec  .         Dismiss  .     (no cloak)
rCorr  .         Reflect  .     (no gloves)
SustAt .         Harm     .     (no boots)
MR     .....                    (no amulet)
Stlth  +++.......               (no ring)
                                n - +2 ring of dexterity

@: agile, not resistant to hostile enchantments, fairly stealthy
A: horns 2, fire resistance 1, spiny 1, flame cloud immunity
a: no special abilities


You were on level 4 of the Dungeon.
You were not hungry.

You visited 1 branch of the dungeon, and saw 4 of its levels.

You collected 164 gold pieces.

Inventory:

Armour
 a - a +1 robe (worn)
Jewellery
 h - an uncursed ring of sustain attributes {unknown}
 n - a +2 ring of dexterity (left hand)
 r - an uncursed amulet of rage {unknown}
Scrolls
 d - 2 scrolls of remove curse
 e - 3 scrolls of identify
Potions
 c - a potion of ambrosia
 f - a potion of agility
 j - a potion of heal wounds
 k - a potion of lignification
 l - a potion of magic
 o - 2 potions of curing
 q - a potion of cancellation {unknown}
Comestibles
 b - 4 bread rations
 g - 2 meat rations
 i - a slice of pizza
 p - a beef jerky


   Skills:
 - Level 3.0 Fighting
 - Level 2.6 Dodging
 - Level 1.7 Stealth
 + Level 8.0 Unarmed Combat


You had 6 spell levels left.
You didn't know any spells.

Dungeon Overview and Level Annotations

Branches:
Dungeon (4/15)
 Temple: D:4-7

Altars:
Cheibriados
Elyvilon
Gozag
Nemelex Xobeh
Okawaru

Annotations:
D:4 Azzok's ghost, novice FoFi


Innate Abilities, Weirdness & Mutations

You have a pair of horns on your head.
Your flesh is heat resistant.
You are partially covered in sharp spines.
You are immune to clouds of flame.


Message History

Azzok's ghost hits you!
* * * LOW HITPOINT WARNING * * *
You are too injured to fight recklessly!
You are too injured to fight recklessly!
You hit Azzok's ghost but do no damage. Your headbutt misses Azzok's ghost.
Azzok's ghost is severely damaged.
Azzok's ghost misses you.
You hit Azzok's ghost but do no damage.
Azzok's ghost is severely damaged.
Azzok's ghost completely misses you.
You hit Azzok's ghost but do no damage. You headbutt Azzok's ghost!
Azzok's ghost is almost destroyed.
You hit Azzok's ghost. Your headbutt misses Azzok's ghost.
Azzok's ghost is almost destroyed.
Azzok's ghost hits you.
* * * LOW HITPOINT WARNING * * *
You hit Azzok's ghost.
Azzok's ghost is almost destroyed.
Azzok's ghost hits you!
You die...

.#....'.........(....#...#.......
.#....#..............#...#.......
.'....#..............#...#....>..
.#.<..#..............#...#.......
.#....#..............#...'.......
.######..............###'#.......
.##.....#######............#####.
..#.....# #............# #.
..#.....# #.@..........# #.
..#.....# #..W.........# #.
..'.....# #............# #.
..#.....# #............# #.
..#.....# #............# #.
###.....# #............# #.
####### ############## ##


You could see Azzok's ghost.

Vanquished Creatures
  Grinder (D:3)
  A phantom (D:4)
  Blork the orc (D:4)
  A hound (D:4)
  2 worker ants
  A gnoll (D:4)
  5 adders
  2 oozes
  An adder skeleton (D:4)
  A worm (D:2)
  2 giant geckos (D:1)
  7 orcs
  2 giant cockroaches (D:2)
  3 goblins
  6 hobgoblins
  13 jackals
  2 quokkas
  9 bats
  4 giant newts
  5 kobolds
  6 rats
75 creatures vanquished.

Notes
Turn   | Place    | Note
--------------------------------------------------------------
     0 | D:1      | kae the Demonspawn Monk began the quest for the Orb.
     0 | D:1      | Reached XP level 1. HP: 18/18 MP: 1/1
   191 | D:1      | Reached skill level 4 in Unarmed Combat
   198 | D:1      | Gained mutation: Your flesh is heat resistant. [demonic ancestry]
   198 | D:1      | Reached XP level 2. HP: 20/24 MP: 2/2
   711 | D:2      | Gained mutation: You are immune to clouds of flame. [demonic ancestry]
   711 | D:2      | Reached XP level 3. HP: 29/29 MP: 3/3
   923 | D:2      | Found a sparkling altar of Nemelex Xobeh.
  1597 | D:3      | Reached skill level 5 in Unarmed Combat
  1597 | D:3      | Gained mutation: You have a pair of small horns on your head. [demonic ancestry]
  1597 | D:3      | Reached XP level 4. HP: 27/35 MP: 4/4
  1761 | D:3      | Noticed Grinder
  1778 | D:3      | Paralysed by Grinder for 3 turns
  1784 | D:3      | Killed Grinder
  1784 | D:3      | Reached skill level 6 in Unarmed Combat
  1784 | D:3      | Gained mutation: You are partially covered in sharp spines. [demonic ancestry]
  1784 | D:3      | Reached XP level 5. HP: 21/41 MP: 5/5
  1784 | D:3      | Gained mutation: You have a pair of horns on your head. [demonic ancestry]
  1784 | D:3      | Reached XP level 6. HP: 24/47 MP: 6/6
  1954 | D:3      | Found a snail-covered altar of Cheibriados.
  2285 | D:4      | Reached skill level 7 in Unarmed Combat
  2320 | D:4      | Found a white marble altar of Elyvilon.
  2435 | D:4      | Noticed Blork the orc
  2446 | D:4      | Killed Blork the orc
  2494 | D:4      | Found an opulent altar of Gozag.
  2711 | D:4      | Found an iron altar of Okawaru.
  2961 | D:4      | Reached skill level 8 in Unarmed Combat
  2961 | D:4      | Reached XP level 7. HP: 45/52 MP: 7/7
  2975 | D:4      | Noticed Azzok's ghost (novice FoFi)
  3004 | D:4      | Slain by Azzok's ghost

Vault maps used:
D:1:      minmay_arrival_stair_chambers
D:2:      minmay_misc_feat_x, nemelex_spade_bored_becter
D:3:      cheibriados_altar_1, uniq_grinder
D:4:      okawaru_altar_gauntlet_db, elyvilon_altar_5, first_bread,
          grunt_gozag_statues, uniq_blork_the_orc

Action                   |  1- 3 |  4- 6 |  7- 9 || total
-------------------------+-------+-------+-------++-------
Melee: Unarmed           |   127 |    91 |    19 ||   237
  Use: Scroll            |    11 |     3 |       ||    14
       Potion            |       |     1 |     1 ||     2
 Stab: Sleeping          |     6 |     5 |       ||    11
  Eat: Chunk             |     2 |     5 |       ||     7
